 Dungeon Crawl Stone Soup version 0.31.0-9-g3a7656b989 (webtiles) character file.

Game seed: 5255308073322671502

121 qw the Skirmisher (level 4, -3/25 HPs)
             Began as a Deep Elf Hunter on Feb 2, 2024.
             Slain by Robin
             ... wielding a +0 spear
              (5 damage)
             ... on level 2 of the Dungeon.
             The game lasted 00:00:05 (1406 turns).

qw the Skirmisher (Deep Elf Hunter)                 Turns: 1406, Time: 00:00:05

Health: -3/25      AC:  3    Str: 10    XL:     4   Next: 77%
Magic:  6/6        EV: 12    Int: 14    God:
Gold:   155        SH:  0    Dex: 18    Spells: 3/3 levels left

rFire   . . .        a - +0 shortbow
rCold   . . .        (shield currently unavailable)
rNeg    . . .        c - +0 leather armour
rPois   .            (no helmet)
rElec   .            (no cloak)
rCorr   .            (no gloves)
SInv    .            (no boots)
Will    .....        (no amulet)
Stlth   ++           (no ring)
HPRegen 0.24/turn    (no ring)
MPRegen 0.10/turn

%: no passive effects
@: no status effects
A: no striking features
a: no special abilities


You were on level 2 of the Dungeon.
You visited 1 branch of the dungeon, and saw 2 of its levels.

You collected 155 gold pieces.


   Skills:
 - Level 1.5 Fighting
 + Level 8.2 Ranged Weapons
 - Level 2.4 Dodging
 - Level 1.2 Stealth


You had 3 spell levels left.
You didn't know any spells.
Your spell library was empty.

Inventory:

Hand Weapons
 a - a +0 shortbow (weapon)
Armour
 c - a +0 leather armour (worn)
 d - a +0 ring mail
 j - a +0 pair of boots
Wands
 h - a wand of charming (14)
Scrolls
 i - a scroll of enchant armour {unknown}
Potions
 b - 3 potions of mutation {unknown}
 e - 3 potions of attraction {unknown}
 f - 2 potions of heal wounds {unknown}
 g - a potion of curing {unknown}

Dungeon Overview and Level Annotations

Branches:
Dungeon (2/15)

Altars:
Xom

Annotations:
D:2 Robin


Message History

Robin hits you from afar with a +0 spear.
You shoot an arrow. The arrow hits Robin.
Robin is moderately wounded.
Robin throws the goblin at you!
A hobgoblin comes into view.
The goblin hits you with a +0 dagger.
You shoot an arrow. The arrow closely misses the goblin.
Robin closely misses you. The goblin hits you with a +0 dagger.
You shoot an arrow. The arrow closely misses the goblin.
Robin barely misses you. The goblin closely misses you.
You shoot an arrow. The arrow closely misses the goblin.
The goblin hits you but does no damage.
You shoot an arrow. The arrow closely misses the goblin.
Robin misses you. The goblin hits you with a +0 dagger.
You shoot an arrow. The arrow hits the goblin!
You kill the goblin!
Robin hits you from afar with a +0 spear.
The giant cockroach waves its antennae.
You shoot an arrow. The arrow hits Robin.
Robin is heavily wounded.
The hobgoblin no longer looks unusually strong.
Robin says, "Bow before me, strongest of all the hobgoblins!"
Robin throws the goblin at you!
You shoot an arrow. The arrow hits the goblin.
You kill the goblin!
Robin hits you from afar with a +0 spear.
You shoot an arrow.
The arrow hits Robin but does no damage.
Robin is heavily wounded.
Robin hits you but does no damage.
You shoot an arrow. The arrow hits Robin.
Robin is severely wounded.
Robin hits you from afar with a +0 spear.
Robin closely misses you.
A goblin comes into view. It is wielding a +0 dagger.
You shoot an arrow. The arrow hits Robin.
Robin is almost dead.
Robin hits you from afar with a +0 spear.
You die...
Robin says, "And that's why I'm the boss."

#... #.##
######.##
#....>..[
#.####.## ##
##### #.# ..
#.?. #.#
#.####.##### #.#
#))@)......#
##.##
#g########.#
#.... Bg #.#
#..## #g #.#
#..# #
#######.#####..#
...........##.##
#######.......#
####.##)# #.##.#


You could see Robin, a giant cockroach, a hobgoblin and a goblin.

Vanquished Creatures
  An orc priest (D:2)
  3 adders (D:2)
  3 orcs (D:2)
  3 ball pythons (D:1)
  6 bats
  3 endoplasms (D:1)
  5 giant cockroaches
  9 goblins (D:2)
  6 hobgoblins
  5 kobolds
  5 quokkas (D:1)
  2 frilled lizards (D:1)
  4 rats
55 creatures vanquished.

Notes
Turn   | Place    | Note
-------+----------+-------------------------------------------
     0 | D:1      | qw the Deep Elf Hunter began the quest for the Orb.
     0 | D:1      | Reached XP level 1. HP: 12/12 MP: 3/3
     0 | D:1      | 0 ||| qw: Version: 0.3-a-155-g5e7d8dd
     0 | D:1      | 0 ||| qw: Game counter: 2611
     0 | D:1      | 0 ||| qw: Melee chars always use a shield: true
     0 | D:1      | 0 ||| qw: God list: Okawaru
     0 | D:1      | 0 ||| qw: Allow faded altars: false
     0 | D:1      | 0 ||| qw: Do Orc after clearing Dungeon:15 true
     0 | D:1      | 0 ||| qw: Do second Lair branch before Depths: true
     0 | D:1      | 0 ||| qw: Lair rune preference: random
     0 | D:1      | 0 ||| qw: Goals: Normal
     0 | D:1      | 0 ||| PLANNING D:1-11
   253 | D:1      | Reached XP level 2. HP: 16/16 MP: 4/4
   258 | D:1      | Reached skill level 6 in Ranged Weapons
   453 | D:1      | 453 ||| RETREEEEATING.
   461 | D:1      | Reached XP level 3. HP: 15/20 MP: 5/5
   721 | D:1      | 721 ||| READING scroll labelled MIXKETR KUCHIE.
   722 | D:1      | 722 ||| DROPPING scroll of butterflies.
   775 | D:2      | Reached skill level 7 in Ranged Weapons
   836 | D:2      | Reached XP level 4. HP: 25/25 MP: 6/6
   889 | D:2      | Found a faded altar of an unknown god.
  1039 | D:2      | Found a shimmering altar of Xom.
  1227 | D:2      | Reached skill level 8 in Ranged Weapons
  1386 | D:2      | Noticed Robin
  1403 | D:2      | HP: 3/25 [Robin/+0 spear (5)]
  1406 | D:2      | Slain by Robin

Levels and vault maps discovered:
D:1:      dpeg_arrival_concentric_ovals, layout_basic
D:2:      layout_loops_ring, basic_altar, hellmonk_ecumenical_altar_lost_god,
          uniq_robin

Skill      XL: |  1  2  3  4 |
---------------+-------------+-----
Ranged Weapons | 6 7 8 |  8.2
Fighting       | |  1.5
Dodging        | |  2.4
Stealth        | |  1.2

Action                     |  1- 3 |  4- 6 || total
---------------------------+-------+-------++-------
   Fire: Shortbow          |   104 |    58 ||   162
    Use: Scroll            |     1 |       ||     1
 Armour: Leather armour    |     8 |    24 ||    32
  Dodge: Dodged            |    23 |    19 ||    42

Table legend:
 A = Non-vault XP
 B = Vault XP
 C = Vault XP percentage of total XP
 D = Non-vault monster count
 E = Vault monster count
 F = Vault count percentage of total count
                 A         B        C        D         E       F
            +---------+---------+-------+---------+---------+-------
      Total |     158 |      16 |   9.2 |      47 |       8 |  14.5
            +---------+---------+-------+---------+---------+-------
        D:1 |      48 |       0 |   0.0 |      28 |       0 |   0.0
        D:2 |     110 |      16 |  12.7 |      19 |       8 |  29.6
            +---------+---------+-------+---------+---------+-------
